 Dungeon Crawl Stone Soup version 0.24.0-2-g5b39cebb1c (webtiles) character file.

Game seed: 10303271832911587949, levelgen mode: deterministic

410 Aviak the Skirmisher (level 6, -1/58 HPs)
             Began as a Hill Orc Wanderer on Oct 30, 2019.
             Slain by an ogre
             ... wielding a +0 giant club
              (7 damage)
             ... on level 4 of the Dungeon.
             The game lasted 00:05:20 (4813 turns).

Aviak the Skirmisher (Hill Orc Wanderer)            Turns: 4813, Time: 00:05:21

Health: -1/58      AC:  4    Str: 16    XL:     6   Next: 89%
Magic:  6/6        EV:  9    Int: 11    God:
Gold:   181        SH:  9    Dex: 16    Spells: 5/5 levels left

rFire    . . .     SeeInvis .   k - +0 war axe
rCold    . . .     Gourm    .   b - +0 shield
rNeg     . . .     Faith    .   d - +0 robe
rPois    .         Spirit   .   (no helmet)
rElec    .         Reflect  .   c - +0 cloak
rCorr    .         Harm     .   r - +0 pair of gloves
MR       .....                  (no boots)
Stlth    ++........             (no amulet)
HPRegen  0.19/turn              o - +4 ring of dexterity
MPRegen  0.10/turn              (no ring)

@: no status effects
A: no striking features
a: no special abilities


You were on level 4 of the Dungeon.
You were not hungry.

You visited 1 branch of the dungeon, and saw 4 of its levels.

You collected 181 gold pieces.

Inventory:

Hand Weapons
 a - a +0 falchion
 k - a +0 war axe (weapon)
Armour
 b - a +0 shield (worn)
 c - a +0 cloak (worn)
 d - a +0 robe (worn)
 m - a +0 large shield
 r - a +0 pair of gloves (worn)
Jewellery
 o - a +4 ring of dexterity (left hand)
Scrolls
 e - 4 scrolls of remove curse {unknown}
 g - 6 scrolls of teleportation {unknown}
 h - 2 scrolls of fear {unknown}
 j - 7 scrolls of identify {unknown}
 l - a scroll of enchant armour {unknown}
 n - 3 scrolls of fog {unknown}
Potions
 i - a potion of ambrosia {unknown}
 p - a potion of curing {unknown}
 q - a potion of might
 s - a potion of berserk rage {unknown}
 t - a potion of invisibility {unknown}
Comestibles
 f - 2 rations


   Skills:
 + Level 6.6 Fighting
 + Level 1.6 Axes
   Level 1.0 Crossbows
 - Level 1.0 Throwing
 + Level 4.7 Armour
 - Level 1.0 Stealth
 + Level 4.2 Shields


You had 5 spell levels left.
You didn't know any spells.
Your spell library was empty.

Dungeon Overview and Level Annotations

Branches:
Dungeon (4/15)
 Temple: D:4-7

Altars:
Zin


Message History

The ogre is moderately wounded.
The ogre hits you with a +0 giant club.
You hit the ogre.
The ogre is heavily wounded.
The ogre hits you with a +0 giant club. The ogre barely misses you.
You hit the ogre.
The ogre is severely wounded.
The ogre hits you with a +0 giant club!
You completely miss the ogre.
The ogre is severely wounded.
The ogre hits you with a +0 giant club!!
* * * LOW HITPOINT WARNING * * *
You hit the ogre.
The ogre is almost dead.
You block the ogre's attack.
Unknown command.
You hit the ogre.
The ogre is almost dead.
The ogre closely misses you. The ogre hits you with a +0 giant club!
You die...

..## # ... . ##### . ###.####
....# #######..##.....## ###.#
#........#.......#
..#.############........#.......#
.........[.....#............_....
...............'....>...#.......#
#.#.#######.##.#@O......#.......#
#.#.....# #.##..####+#..##.....##
..#.###.# #.###.# #..####.####
#####.#.###.# #.# #...........
......#.....# #.# #.#.####.##.
##....####### #.. #.#.# #....
......##♣♣♣♣♣♣##. #.#.# ####.
##...##≈P≈≈≈≈≈ (# #.#.#######.
#.♣♣♣PP≈≈≈≈≈≈ .. #O#.........


You could see an ogre.

Vanquished Creatures
  Sigmund (D:2)
  A big kobold (D:4)
  A scorpion (D:4)
  3 adders
  4 dart slugs
  4 worms
  5 leopard geckos
  2 orcs
  2 ball pythons
  2 giant cockroaches
  10 hobgoblins
  24 kobolds
  12 bats
  5 frilled lizards
  7 goblins
  2 rats
85 creatures vanquished.

Vanquished Creatures (others)
  2 plants (D:4)
2 creatures vanquished.

Grand Total: 87 creatures vanquished

Notes
Turn   | Place    | Note
-------+----------+-------------------------------------------
     0 | D:1      | Aviak the Hill Orc Wanderer began the quest for the Orb.
     0 | D:1      | Aviak set off with the following items: a +0 falchion, a +0
                  | shield, a potion of lignification {!q}, a +0 robe, a ration
     0 | D:1      | Reached XP level 1. HP: 22/22 MP: 1/1
   251 | D:1      | Reached skill level 5 in Fighting
   251 | D:1      | Reached XP level 2. HP: 10/29 MP: 2/2
   882 | D:1      | Reached XP level 3. HP: 34/36 MP: 3/3
  1821 | D:2      | Noticed Sigmund
  1906 | D:2      | Reached XP level 4. HP: 12/42 MP: 4/4
  2260 | D:2      | Found a faded altar of an unknown god.
  2546 | D:2      | HP: 1/42 [Sigmund/+0 scythe (9)]
  2549 | D:2      | Killed Sigmund
  2549 | D:2      | Reached skill level 6 in Fighting
  2549 | D:2      | Reached XP level 5. HP: 2/50 MP: 5/5
  2549 | D:2      | Reached XP level 6. HP: 2/57 MP: 6/6
  3973 | D:4      | Reached skill level 1 in Axes
  4487 | D:4      | Found a glowing silver altar of Zin.
  4813 | D:4      | Slain by an ogre

Levels and vault maps discovered:
D:1:      sevenhm_arrival_forest_fort_large_2, layout_basic
D:2:      layout_basic, chequers_ecumenical_altar_island, uniq_sigmund
D:3:      layout_basic, minmay_misc_feat_square
D:4:      kennysheep_kobold_camp, layout_basic, old_standard_altar,
          first_ration, serial_bayou_ford_a, nicolae_tso_swordbearing_angel,
          uniq_robin

Skill      XL: |  1  2  3  4  5  6 |
---------------+-------------------+-----
Fighting       | 5 6 |  6.6
Shields        | 2 3 4 |  4.2
Armour         | 3 4 |  4.7
Axes           | 1 |  1.6
Crossbows      | |  1.0
Throwing       | |  1.0
Stealth        | |  1.0

Action                   |  1- 3 |  4- 6 || total
-------------------------+-------+-------++-------
Melee: Falchion          |   195 |    85 ||   280
       War axe           |       |    85 ||    85
  Use: Potion            |     1 |     3 ||     4
 Stab: Sleeping          |     1 |     1 ||     2
  Eat: Chunk             |     3 |     6 ||     9
       Ration            |       |     2 ||     2
Armor: Robe              |    45 |    41 ||    86
       Skin              |     3 |       ||     3
Dodge: Dodged            |    84 |    65 ||   149
Block: Shield            |   114 |   103 ||   217
       Rpst.: Falchion   |    25 |     6 ||    31
